TOP OF THE 1ST |
New York Yankees batting - Pitching for Philadelphia Phillies : LHP Amir Garrett
|
Pitching: LHP Amir Garrett
|
|
Batting: RHB Manny Margot
|
0-0: DOUBLE (Line Drive, 9LM)
|
Batting: RHB Anthony Rendon
|
0-0: Foul Ball, location: 2F 0-1: Swinging Strike 0-2: Ball 1-2: Foul Ball, location: 2F 1-2: Foul Ball, location: 2F 1-2: Ball 2-2: Foul Ball, location: 2F 2-2: Ground out 6-3 (Groundball, 6) Manny Margot to third
|
Batting: RHB Devon Travis
|
0-0: Called Strike 0-1: Ball 1-1: Called Strike 1-2: Ball 2-2: Strikes out swinging
|
Batting: RHB Enrique Hernandez
|
0-0: Ball 1-0: Fly out, F6 (Line Drive, 6)
|
Top of the 1st over - 0 runs, 1 hit, 0 errors, 1 left on base; New York 0 - Philadelphia 0 |
BOTTOM OF THE 1ST |
Philadelphia Phillies batting - Pitching for New York Yankees : RHP Nick Tropeano
|
Pitching: RHP Nick Tropeano
|
|
Batting: LHB Leonys Martin
|
0-0: Foul Ball, location: 2F 0-1: Foul Ball, location: 2F 0-2: Foul Ball, location: 2F 0-2: Foul Ball, location: 2F 0-2: Ball 1-2: Foul Ball, location: 2F 1-2: Ground out U3 (Groundball, 3)
|
Batting: RHB Amed Rosario
|
0-0: Ground out 5-3 (Groundball, 56S)
|
Batting: LHB Justin Bour
|
0-0: Foul Ball, location: 2F 0-1: Foul Ball, location: 2F 0-2: Ball 1-2: Ball 2-2: Strikes out swinging, 2-3 out at first.
|
Bottom of the 1st over - 0 runs, 0 hits, 0 errors, 0 left on base; New York 0 - Philadelphia 0 |
TOP OF THE 2ND |
New York Yankees batting - Pitching for Philadelphia Phillies : LHP Amir Garrett
|
Batting: LHB Willie Calhoun
|
0-0: Ball 1-0: Ball 2-0: Called Strike 2-1: Ball 3-1: Base on Balls
|
Batting: RHB Francisco Cervelli
|
0-0: Called Strike 0-1: Swinging Strike 0-2: Grounds into double play, 5-4-3 (Groundball, 56S)
|
Batting: LHB Logan Morrison
|
0-0: Ball 1-0: Ball 2-0: Ball 3-0: Base on Balls
|
Batting: LHB Brandon Crawford
|
0-0: Ball 1-0: Ball 2-0: Foul Ball, location: 2F 2-1: Ball 3-1: Fielders Choice at 2nd, U6 (Groundball, 6M)
|
Top of the 2nd over - 0 runs, 0 hits, 0 errors, 1 left on base; New York 0 - Philadelphia 0 |
BOTTOM OF THE 2ND |
Philadelphia Phillies batting - Pitching for New York Yankees : RHP Nick Tropeano
|
Batting: RHB Todd Frazier
|
0-0: Hit by Pitch
|
Batting: LHB Kole Calhoun
|
0-0: Foul Ball, location: 2F 0-1: Foul Ball, location: 2F 0-2: Foul Ball, location: 2F 0-2: Ball 1-2: Fly out, F8 (Flyball, 8RM)
|
Batting: RHB Carson Kelly
|
0-0: Ball 1-0: Called Strike 1-1: Ball 2-1: DOUBLE (Line Drive, 78M) Todd Frazier to third
|
Batting: RHB Scott Kingery
|
0-0: Called Strike 0-1: Ball 1-1: Swinging Strike 1-2: Fly out, F7 (Flyball, 7S)
|
Batting: RHB Carlos Tocci
|
0-0: Ball 1-0: Foul Ball, location: 2F 1-1: Called Strike 1-2: Foul Ball, location: 2F 1-2: SINGLE (Groundball, 6MD) Todd Frazier scores Carson Kelly to third Runner from 3rd tries for Home, SAFE, throw by CF to home
|
Batting: RHB Amir Garrett
|
0-0: Fly out, F9 (Flyball, 9S)
|
Bottom of the 2nd over - 2 runs, 2 hits, 0 errors, 1 left on base; New York 0 - Philadelphia 2 |
TOP OF THE 3RD |
New York Yankees batting - Pitching for Philadelphia Phillies : LHP Amir Garrett
|
Batting: RHB Nick Tropeano
|
0-0: Called Strike 0-1: Ball 1-1: Swinging Strike 1-2: Ball 2-2: Foul Ball, location: 2F 2-2: Ball 3-2: SINGLE (Groundball, 6MD)
|
Batting: RHB Manny Margot
|
0-0: Called Strike 0-1: SINGLE (Line Drive, 89M) Nick Tropeano to second
|
Batting: RHB Anthony Rendon
|
0-0: Ball 1-0: Ball 2-0: Swinging Strike 2-1: Ball 3-1: Base on Balls Nick Tropeano to third Manny Margot to second
|
Batting: RHB Devon Travis
|
0-0: Called Strike 0-1: Fielders Choice at 2nd, 4-6 (Groundball, 4) Nick Tropeano scores Manny Margot to third
|
Batting: RHB Enrique Hernandez
|
0-0: Ball 1-0: Called Strike 1-1: Foul Ball, location: 2F 1-2: Hit by Pitch Devon Travis to second
|
Batting: LHB Willie Calhoun
|
0-0: Ball 1-0: Foul Ball, location: 2F 1-1: Ball 2-1: Fly out, F7 (Flyball, 78S) Runner from 3rd tags up, OUT at HOME! 7-2
|
Top of the 3rd over - 1 run, 2 hits, 0 errors, 2 left on base; New York 1 - Philadelphia 2 |
BOTTOM OF THE 3RD |
Philadelphia Phillies batting - Pitching for New York Yankees : RHP Nick Tropeano
|
Batting: LHB Leonys Martin
|
0-0: Ball 1-0: Called Strike 1-1: Ball 2-1: Ball 3-1: SINGLE (Groundball, 34D)
|
Batting: RHB Amed Rosario
|
0-0: Ball Leonys Martin steals 2nd base 1-0: Fly out, F6 (Popup, 6S)
|
Batting: LHB Justin Bour
|
0-0: Ball 1-0: Ball 2-0: Called Strike 2-1: Foul Ball, location: 2F 2-2: Ground out U3 (Groundball, 3) Leonys Martin to third
|
Batting: RHB Todd Frazier
|
0-0: Called Strike 0-1: Ball 1-1: Ball 2-1: Fly out, F8 (Flyball, 8RD)
|
Bottom of the 3rd over - 0 runs, 1 hit, 0 errors, 1 left on base; New York 1 - Philadelphia 2 |
TOP OF THE 4TH |
New York Yankees batting - Pitching for Philadelphia Phillies : LHP Amir Garrett
|
Batting: RHB Francisco Cervelli
|
0-0: Ball 1-0: Called Strike 1-1: SINGLE (Groundball, 6MD)
|
Batting: LHB Logan Morrison
|
0-0: Ground out 6-3 (Groundball, 4MS) Francisco Cervelli to second
|
Batting: LHB Brandon Crawford
|
0-0: Called Strike 0-1: Foul Ball, location: 2F 0-2: Ball 1-2: Ball 2-2: Strikes out swinging
|
Batting: RHB Nick Tropeano
|
0-0: Foul Ball, location: 2F 0-1: Ball 1-1: Ball 2-1: Foul Ball, location: 2F 2-2: Foul Ball, location: 2F 2-2: Strikes out swinging
|
Top of the 4th over - 0 runs, 1 hit, 0 errors, 1 left on base; New York 1 - Philadelphia 2 |
BOTTOM OF THE 4TH |
Philadelphia Phillies batting - Pitching for New York Yankees : RHP Nick Tropeano
|
Batting: LHB Kole Calhoun
|
0-0: Called Strike 0-1: Foul Ball, location: 2F 0-2: Ball 1-2: Fly out, F8 (Flyball, 78XD)
|
Batting: RHB Carson Kelly
|
0-0: Ball 1-0: Ball 2-0: Ball 3-0: Ground out 6-3 (Groundball, 56)
|
Batting: RHB Scott Kingery
|
0-0: Ball 1-0: Foul Ball, location: 2F 1-1: Ball 2-1: Ball 3-1: Foul Ball, location: 2F 3-2: Strikes out looking
|
Bottom of the 4th over - 0 runs, 0 hits, 0 errors, 0 left on base; New York 1 - Philadelphia 2 |
TOP OF THE 5TH |
New York Yankees batting - Pitching for Philadelphia Phillies : LHP Amir Garrett
|
Batting: RHB Manny Margot
|
0-0: Ball 1-0: Called Strike 1-1: Fly out, F8 (Flyball, 8RS)
|
Batting: RHB Anthony Rendon
|
0-0: Ball 1-0: SINGLE (Line Drive, 4M)
|
Batting: RHB Devon Travis
|
0-0: Foul Ball, location: 2F 0-1: Ball 1-1: Fly out, F8 (Line Drive, 8LD)
|
Batting: RHB Enrique Hernandez
|
0-0: Ball 1-0: Foul Ball, location: 2F 1-1: Ball 2-1: Ball 3-1: Foul Ball, location: 2F 3-2: Base on Balls Anthony Rendon to second
|
Batting: LHB Willie Calhoun
|
0-0: Ball 1-0: SINGLE (Groundball, 34S) (infield hit) Anthony Rendon to third Enrique Hernandez to second
|
Batting: RHB Francisco Cervelli
|
0-0: Ball 1-0: Ball 2-0: Ball 3-0: Base on Balls Anthony Rendon scores Enrique Hernandez to third Willie Calhoun to second
|
Batting: LHB Logan Morrison
|
0-0: Ball 1-0: SINGLE (Groundball, 4MD) Enrique Hernandez scores Willie Calhoun to third Francisco Cervelli to second Runner from 3rd tries for Home, SAFE, throw by CF to home
|
Pitching: RHP Joe Smith
|
|
Now at 2B: Brett Sullivan
|
|
Batting: LHB Brandon Crawford
|
0-0: Ball 1-0: Foul Ball, location: 2F 1-1: Ball 2-1: Swinging Strike 2-2: Foul Ball, location: 2F 2-2: Strikes out swinging
|
Top of the 5th over - 3 runs, 3 hits, 0 errors, 2 left on base; New York 4 - Philadelphia 2 |
BOTTOM OF THE 5TH |
Philadelphia Phillies batting - Pitching for New York Yankees : RHP Nick Tropeano
|
Batting: RHB Carlos Tocci
|
0-0: SINGLE (Line Drive, 6M)
|
Batting: LHB Brett Sullivan
|
0-0: Ball 1-0: Ball 2-0: Fielders Choice at 2nd, 1-6 (Groundball, 13)
|
Batting: LHB Leonys Martin
|
0-0: Ball Wild Pitch! Brett Sullivan to second 1-0: Ball 2-0: SINGLE (Line Drive, 78M) Brett Sullivan to third
|
Batting: RHB Amed Rosario
|
0-0: Ball Leonys Martin steals 2nd base 1-0: Called Strike 1-1: Foul Ball, location: 2F 1-2: Strikes out swinging
|
Batting: LHB Justin Bour
|
0-0: Ball 1-0: Foul Ball, location: 2F 1-1: Ball 2-1: Foul Ball, location: 2F 2-2: Ground out 4-3 (Groundball, 4)
|
Bottom of the 5th over - 0 runs, 2 hits, 0 errors, 2 left on base; New York 4 - Philadelphia 2 |
TOP OF THE 6TH |
New York Yankees batting - Pitching for Philadelphia Phillies : RHP Joe Smith
|
Batting: RHB Nick Tropeano
|
0-0: Ball 1-0: Fly out, F8 (Flyball, 89D)
|
Batting: RHB Manny Margot
|
0-0: Ball 1-0: Foul Ball, location: 2F 1-1: Ball 2-1: Bunt for hit to 15 - play at first, batter safe!
|
Batting: RHB Anthony Rendon
|
0-0: Ball 1-0: Ball 2-0: Called Strike 2-1: Foul Ball, location: 2F 2-2: Ball 3-2: Grounds into double play, 1-6-3 (Groundball, 13S)
|
Top of the 6th over - 0 runs, 1 hit, 0 errors, 0 left on base; New York 4 - Philadelphia 2 |
BOTTOM OF THE 6TH |
Philadelphia Phillies batting - Pitching for New York Yankees : RHP Nick Tropeano
|
Batting: RHB Todd Frazier
|
0-0: Ball 1-0: Called Strike 1-1: Called Strike 1-2: Fly out, F7 (Line Drive, 7D)
|
Batting: LHB Kole Calhoun
|
0-0: Called Strike 0-1: Ball 1-1: Ball 2-1: Ball 3-1: Base on Balls
|
Batting: RHB Carson Kelly
|
0-0: Ball 1-0: Ball 2-0: Fly out, F2 (Popup, 2LF)
|
Pinch Hitting: RHB Jesus Aguilar
|
0-0: Ball 1-0: Ball 2-0: Ball 3-0: Called Strike 3-1: Foul Ball, location: 2F 3-2: Strikes out looking
|
Bottom of the 6th over - 0 runs, 0 hits, 0 errors, 1 left on base; New York 4 - Philadelphia 2 |
TOP OF THE 7TH |
New York Yankees batting - Pitching for Philadelphia Phillies : RHP Joe Smith
|
Pitching: RHP Sergio Romo
|
|
Batting: RHB Devon Travis
|
0-0: Ground out 6-3 (Groundball, 6)
|
Batting: RHB Enrique Hernandez
|
0-0: Ball 1-0: Foul Ball, location: 2F 1-1: Foul Ball, location: 2F 1-2: Fly out, F7 (Flyball, 78XD)
|
Batting: LHB Willie Calhoun
|
0-0: Ball 1-0: Called Strike 1-1: SINGLE (Groundball, 6MD)
|
Batting: RHB Francisco Cervelli
|
0-0: Ball 1-0: Called Strike 1-1: Ball 2-1: Foul Ball, location: 2F 2-2: SINGLE (Groundball, 6MD) Willie Calhoun to second Runner from 2nd tries for 3rd, SAFE, no throw by CF
|
Batting: LHB Logan Morrison
|
0-0: Swinging Strike 0-1: Swinging Strike 0-2: Ball 1-2: Strikes out swinging
|
Top of the 7th over - 0 runs, 2 hits, 0 errors, 2 left on base; New York 4 - Philadelphia 2 |
TOP OF THE 8TH |
New York Yankees batting - Pitching for Philadelphia Phillies : RHP Sergio Romo
|
Pitching: RHP Bryan Shaw
|
|
Now in LF: Delino DeShields Jr.
|
|
Batting: LHB Brandon Crawford
|
0-0: Ball 1-0: Called Strike 1-1: Ground out 6-3 (Groundball, 56)
|
Pinch Hitting: RHB Jose Abreu
|
0-0: Called Strike 0-1: Fly out, F9 (Flyball, 9)
|
Batting: RHB Manny Margot
|
0-0: Foul Ball, location: 2F 0-1: SINGLE (Groundball, 4MD)
|
Batting: RHB Anthony Rendon
|
0-0: Called Strike 0-1: Foul Ball, location: 2F 0-2: Ball 1-2: Strikes out swinging
|
Top of the 8th over - 0 runs, 1 hit, 0 errors, 1 left on base; New York 4 - Philadelphia 3 |
BOTTOM OF THE 8TH |
Philadelphia Phillies batting - Pitching for New York Yankees : LHP Xavier Cedeno
|
Pitching: LHP Josh Hader
|
|
Batting: LHB Justin Bour
|
0-0: Foul Ball, location: 2F 0-1: Swinging Strike 0-2: Strikes out swinging
|
Batting: RHB Todd Frazier
|
0-0: Fly out, F7 (Flyball, 7)
|
Batting: LHB Kole Calhoun
|
0-0: Called Strike 0-1: Fly out, F8 (Flyball, 8LS)
|
Bottom of the 8th over - 0 runs, 0 hits, 0 errors, 0 left on base; New York 4 - Philadelphia 3 |
TOP OF THE 9TH |
New York Yankees batting - Pitching for Philadelphia Phillies : RHP Bryan Shaw
|
Pitching: RHP Kenley Jansen
|
|
Now at 3B: Nicky Delmonico
|
|
Batting: RHB Devon Travis
|
0-0: Ball 1-0: DOUBLE (Flyball, 78D)
|
Batting: RHB Enrique Hernandez
|
0-0: Called Strike 0-1: Ball 1-1: Called Strike 1-2: Ball 2-2: Strikes out looking
|
Batting: LHB Willie Calhoun
|
0-0: Intentional Walk
|
Batting: RHB Francisco Cervelli
|
0-0: Called Strike 0-1: Ball 1-1: Ball 2-1: Fly out, F7 (Line Drive, 7)
|
Batting: LHB Logan Morrison
|
0-0: Called Strike 0-1: Foul Ball, location: 2F 0-2: Strikes out swinging
|
Top of the 9th over - 0 runs, 1 hit, 0 errors, 2 left on base; New York 4 - Philadelphia 3 |
BOTTOM OF THE 9TH |
Philadelphia Phillies batting - Pitching for New York Yankees : LHP Josh Hader
|
Pitching: RHP Wade Davis
|
|
Now at 1B: Buster Posey
|
|
Batting: RHB Carson Kelly
|
0-0: Called Strike 0-1: Foul Ball, location: 2F 0-2: Ball 1-2: Strikes out swinging
|
Batting: LHB Nicky Delmonico
|
0-0: Ball 1-0: Called Strike 1-1: Ball 2-1: Swinging Strike 2-2: Ball 3-2: Foul Ball, location: 2F 3-2: SINGLE (Flyball, 9S)
|
Batting: RHB Delino DeShields Jr.
|
0-0: Ball 1-0: 2-RUN HOME RUN (Flyball, 89XD), Distance : 418 ft
|
 |
Wednesday, August 29th, 2018 - OOTP Baseball 19.8 Build 79
|
|